 Dungeon Crawl Stone Soup version 0.32-a0-314-g526f7d4993 (webtiles) character file.

Game seed: 4954276519596966994

513 Newt the Trooper (level 7, 0/45 HPs)
             Began as a Gargoyle Fighter on Feb 15, 2024.
             Slain by an iguana (9 damage)
             ... on level 5 of the Dungeon.
             The game lasted 00:03:32 (3643 turns).

Newt the Trooper (Gargoyle Fighter)                 Turns: 3643, Time: 00:03:32

Health: 0/45       AC: 12    Str: 28    XL:     7   Next: 20%
Magic:  7/7        EV:  9    Int:  8    God:
Gold:   171        SH:  4    Dex:  9    Spells: 6/6 levels left

rFire   . . .        a - +0 flail
rCold   . . .        c - +0 buckler
rNeg    + . .        b - +0 scale mail
rPois   ∞            (no helmet)
rElec   +            (no cloak)
rCorr   .            (no gloves)
SInv    .            y - +0 pair of boots
Will    .....        (no amulet) Stlth
                     s - +6 ring of strength
HPRegen 0.27/turn    (no ring)
MPRegen 0.10/turn

%: no passive effects
@: no status effects
A: sickness immunity, AC +4, negative energy resistance 1, electricity
resistance, torment resistance 1, petrification resistance
a: no special abilities


You were on level 5 of the Dungeon.
You visited 1 branch of the dungeon, and saw 5 of its levels.

You collected 171 gold pieces.

Inventory:

Hand Weapons
 a - a +0 flail (weapon)
Missiles
 k - a poisoned dart (quivered)
 o - 5 boomerangs
Armour
 b - a +0 scale mail (worn)
 c - a +0 buckler (worn)
 y - a +0 pair of boots (worn)
Jewellery
 s - a +6 ring of strength (left hand)
Wands
 x - a wand of digging (3)
Scrolls
 f - a scroll of teleportation
 h - a scroll of enchant weapon
 i - a scroll of fear
 m - a scroll of poison
 p - a scroll of amnesia {unknown}
 r - a scroll of vulnerability {unknown}
 v - a scroll of blinking {unknown}
 w - a scroll of torment {unknown}
Potions
 d - a potion of might
 e - a potion of heal wounds {unknown}
 g - 2 potions of ambrosia {unknown}
 j - 2 potions of berserk rage {unknown}
 l - a potion of brilliance {unknown}
 n - 2 potions of curing {unknown}
 q - a potion of mutation {unknown}
 t - a potion of haste {unknown}
 u - a potion of lignification {unknown}


   Skills:
 + Level 5.7 Fighting
 - Level 4.0 Maces & Flails
 * Level 4.2 Throwing
 - Level 3.2 Armour
 - Level 3.2 Shields


You had 6 spell levels left.
You didn't know any spells.
Your spell library contained the following spells:

 Spells                   Type           Power      Damage    Failure   Level
 Apportation              Tloc           0%         N/A       73%         1
 Kiss of Death            Conj/Necr      0%         2d5       73%         1
 Necrotise                Necr           0%         1d4       73%         1
 Sting                    Conj/Alch      0%         1d3       73%         1
 Summon Small Mammal      Summ           0%         N/A       73%         1
 Confusing Touch          Hex            0%         N/A       97%         3
 Dispel Undead            Necr           0%         3d6       100%        4


Dungeon Overview and Level Annotations

Branches:
Dungeon (5/15)
 Temple: D:4-7

Altars:
Ru

Annotations:
D:3 3 runed translucent doors, holysushi's ghost, amateur DsDe


Innate Abilities, Weirdness & Mutations

You are immune to sickness and miasma.
Your stone body is resilient. (AC +4)
You are immune to poison.
You resist negative energy. (rN+)
You are resistant to electric shocks. (rElec)
You are resistant to unholy torment.
You are immune to petrification.


Message History

Your Throwing skill increases to level 4!
Unknown command.
You start resting.
An iguana comes into view.
An iguana is nearby!
You barely miss the iguana. The iguana bites you.
You barely miss the iguana. The iguana barely misses you.
You closely miss the iguana. The iguana bites you! x2
* * * LOW HITPOINT WARNING * * *
You are too injured to fight recklessly!
You are too injured to fight recklessly!
You are too injured to fight recklessly!
Unknown command.
You sock the iguana!
The iguana is heavily wounded.
The iguana barely misses you.
You barely miss the iguana.
The iguana is heavily wounded.
The iguana bites you.
* * * LOW HITPOINT WARNING * * *
Unknown command.
You barely miss the iguana.
The iguana is heavily wounded.
The iguana bites you but does no damage.
Unknown command.
You hit the iguana but do no damage.
The iguana is heavily wounded.
The iguana barely misses you. The iguana bites you.
* * * LOW HITPOINT WARNING * * *
Unknown command.
Unknown command.
You hit the iguana.
The iguana is severely wounded.
You block the iguana's attack.
Unknown command.
Unknown command.
You barely miss the iguana.
The iguana is severely wounded.
The iguana bites you!
You die...

.. ... #.# #..## ##..
.... ##..## ...# ....
#.#######.#
#.........######.#
#...>...l@.)((..(.
#........#######.. .
#.#.####.....# .
####[...#######...#
.####.....#..# ..
......######[#
...#########.###
##........##.).###
########.####...#######


You could see an iguana.

Vanquished Creatures
  Eustachio (D:4)
  An ogre (D:5)
  A scorpion (D:5)
  An orc priest (D:4)
  An orc wizard (D:3)
  4 adders
  4 ribbon worms
  2 dart slugs (D:1)
  8 orcs
  7 bats
  7 endoplasms
  3 giant cockroaches
  7 goblins
  3 hobgoblins (D:2)
  A jackal (D:2)
  3 quokkas
  7 ball pythons
  3 frilled lizards
  4 kobolds
  A rat (D:3)
69 creatures vanquished.

Notes
Turn   | Place    | Note
-------+----------+-------------------------------------------
     0 | D:1      | Newt the Gargoyle Fighter began the quest for the Orb.
     0 | D:1      | Reached XP level 1. HP: 14/14 MP: 1/1
    81 | D:1      | Reached XP level 2. HP: 19/19 MP: 2/2
   247 | D:1      | Found a faded altar of an unknown god.
   482 | D:2      | Reached XP level 3. HP: 24/24 MP: 3/3
   798 | D:2      | Reached skill level 4 in Fighting
   846 | D:2      | Reached XP level 4. HP: 28/29 MP: 4/4
  1559 | D:3      | Noticed holysushi's ghost (amateur DsDe)
  1560 | D:3      | Found a runed translucent gate.
  1561 | D:3      | Found a runed translucent gate.
  1561 | D:3      | Found a runed translucent gate.
  1689 | D:3      | Reached skill level 1 in Throwing
  1689 | D:3      | Reached XP level 5. HP: 26/34 MP: 5/5
  1995 | D:3      | Found a sacrificial altar of Ru.
  2666 | D:4      | Noticed Eustachio
  2719 | D:4      | Killed Eustachio
  2720 | D:4      | Reached skill level 5 in Fighting
  2720 | D:4      | Reached XP level 6. HP: 18/40 MP: 6/6
  3230 | D:4      | Found Nawolauq's Jewellery Shoppe.
  3428 | D:5      | Entered Level 5 of the Dungeon
  3469 | D:5      | Reached XP level 7. HP: 35/44 MP: 7/7
  3643 | D:5      | Slain by an iguana

Illustrated notes

Levels and vault maps discovered:
D:1:      ncdulo_watergridlock, layout_rooms, chequers_ecumenical_altar_simple
D:2:      minmay_inner_zag, layout_basic
D:3:      layout_loops_ring, mainiacjoe_overflow_24_doors, gammafunk_ghost_split
D:4:      layout_basic, serial_shops, nicolae_shop_trees, uniq_eustachio
D:5:      layout_rooms, serial_park_tiny_2, uniq_duvessa

Skill      XL: |  1  2  3  4  5  6  7 |
---------------+----------------------+-----
Maces & Flails | 3 4 |  4.0
Fighting       | 4 5 |  5.7
Throwing       | 1 3 4 |  4.2
Armour         | |  3.2
Shields        | |  3.2

Action                     |  1- 3 |  4- 6 |  7- 9 || total
---------------------------+-------+-------+-------++-------
  Melee: Flail             |    77 |   189 |    12 ||   278
  Throw: Dart              |       |     7 |     5 ||    12
         Boomerang         |       |     1 |       ||     1
    Use: Scroll            |     2 |     4 |       ||     6
 Armour: Scale mail        |    64 |   159 |     9 ||   232
  Dodge: Dodged            |    39 |    86 |     4 ||   129
  Block: Buckler           |    12 |    42 |     1 ||    55

Table legend: (Time is in decaauts)
 A = Elapsed time spent in this place.
 B = Non-inter-level travel time spent in this place.
 C = Inter-level travel time spent in this place.
 D = Time resting spent in this place.
 E = Time spent auto-exploring this place.
 F = Levels seen in this place.
 G = Mean time per level.
                   A        B        C        D        E       F      G
               +--------+--------+--------+--------+--------+-----+--------+
         Total |   3708 |   3619 |     89 |    556 |   2449 |   5 |  741.6 |
       Dungeon |   3708 |   3619 |     89 |    556 |   2449 |   5 |  741.6 |
               +--------+--------+--------+--------+--------+-----+--------+

Top non-repeatable levels by time:
     D:4: 1080 daAuts
     D:2: 1042 daAuts
     D:3: 886 daAuts
     D:1: 481 daAuts
     D:5: 219 daAuts
